 Dungeon Crawl Stone Soup version 0.01-2115-ge649c80b0b (webtiles) character file.

Game seed: 3483936716440647714, levelgen mode: deterministic

2153 Lanoc the Fighter (level 9, -1/92 HPs) Platinum Draconian Demigod. Began on June 5, 2020. Slain by a killer bee (4 damage) ... on level 3 of the Dungeon. The game lasted 00:13:13 (3160 turns).

Lanoc the Fighter (Platinum Draconian Demigod)      Turns: 3160, Time: 00:13:14

Health: -1/92      AC:  8    Str: 17    XL:     9 ^: 2451
Magic:  23/23      EV: 17    Int: 15    God:
Gold:   167        SH:  0    Dex: 19    Spells: 10/13 levels left

rFire    . . .     Vision   .   a - +0 long sword
rCold    . . .     Gourm    .   (no weapon)
rNeg     . . .     Faith    .   (armour unavailable)
rPois    .         Spirit   .   (helmet restricted)
rElec    .         Reflect  .   (no cloak)
rCorr    .         Harm     .   (no gloves)
MR       .....                  (no boots)
Stlth    ++........             (no amulet)
HPRegen  0.40/turn              k - ring of magical power
MPRegen  0.33/turn              (no ring)

@: lethally poisoned (-1 -> -14), hasted, very quick
A: no body armour, unfitting armour, high mp 1, cold-blooded, translocation,
transmutation and hexes enhancers 1, fast, rMut, AC +8
a: Breathe Mutagenic Radiation


You were on level 3 of the Dungeon.
You were not hungry.

You visited 2 branches of the dungeon, and saw 5 of its levels.

You collected 167 gold pieces.

Inventory:

Weapons
 a - a +0 long sword (weapon)
Jewellery
 k - a ring of magical power (left hand)
Scrolls
 b - 2 scrolls of fear
 e - 3 scrolls of blinking
 g - a scroll of teleportation
 i - 2 scrolls of magic mapping
 p - a scroll of immolation
 q - a scroll of amnesia
Potions
 f - a potion of invisibility
 h - a potion of brilliance
 l - a potion of cancellation
 m - a potion of magic
 o - a potion of might
Comestibles
 c - 4 rations


   Skills:
 + Level 9.6 Fighting
 - Level 1.5 Long Blades
 + Level 7.0 Dodging
 - Level 1.3 Stealth
 - Level 2.6 Spellcasting


You had 10 spell levels left.
You knew the following spells:

 Your Spells              Type           Power        Failure   Level  Hunger
a - Flame Tongue          Fire           2 (40)       21%         1    #......
b - Blink                 Tloc           N/A          30%         2    ##.....

Your spell library contained the following spells:

 Spells                   Type           Power        Failure   Level  Hunger
 Call Imp                 Summ           2 (100)      30%         2    ##.....
 Slow                     Hex            3 (100)      30%         2    ##.....
 Conjure Flame            Fire           2 (100)      52%         3    ###....
 Mephitic Cloud           Pois/Air       2 (100)      52%         3    ###....


Dungeon Overview and Level Annotations

Branches:
Dungeon (4/8)              Temple (1/1) D:4

Shops:
D:2 =


Innate Abilities, Weirdness & Mutations

You cannot fit into any form of body armour.
Your lustrous platinum scales are hard. (AC +8)
You can breathe blasts of radiation.
You have an increased reservoir of magic. (+10% MP)
You are cold-blooded and may be slowed by cold attacks.
You are in touch with the powers of translocation, transmutation and hexes.
Your lustrous platinum scales increase your movement speed and make you resistant to mutation. (fast, rMut)


Message History

The killer bee poisons you!
The killer bee stings you but does no damage.
The killer bee closely misses you (0). The killer bee misses you (0).
You riposte.
You hit the killer bee (1).
The killer bee is moderately wounded. (13/18) HP The killer bee closely misses you (0).
You riposte.
You hit the killer bee (2).
The killer bee is moderately wounded. (11/18) HP The killer bee barely misses you (0).
You riposte.
You barely miss the killer bee. You barely miss the killer bee.
You hit the killer bee (1). You tail-slap the killer bee (2).
You kill the killer bee!
Your Dodging skill increases to level 7!
You feel sick. The killer bee stings you (3).
* * * LOW HITPOINT WARNING * * *
You are more poisoned.
The killer bee poisons you! The killer bee stings you (1).
* * * LOW HITPOINT WARNING * * *
The killer bee misses you (0). The killer bee stings you (4).
You die...

##.#
##'###########.#
#.# ...# #.##.....#
#.# #.#
##########.##.###.#
#.# #.# #.........#
#.# #.# #.#
##÷###...#.###.#
#.# #.#
####...#..........#
#.# #.#
.......##...###.###
#.# #.#
####...###.##
#†######.# #.#
##### ###
#y@y.....# #..
########## ###


You could see 2 killer bees.

Vanquished Creatures
  Sigmund (D:2)
  A sky beast (D:4)
  2 ogres (D:4)
  4 big kobolds (D:2)
  A scorpion (D:3)
  14 killer bees
  A hound (D:4)
  3 jellies (D:2)
  3 orc wizards
  An iguana (D:3)
  A wyvern zombie (D:4)
  A water moccasin zombie (D:4)
  A worker ant (D:4)
  4 bullfrog skeletons
  3 gnolls (D:3)
  4 adders
  2 shadow imps
  25 sewer rats
  3 worms (D:2)
  8 cinder newts
  2 oozes (D:2)
  5 leopard geckos
  4 orcs
  2 adder skeletons (D:3)
  A cinder newt skeleton (D:2)
  9 giant cockroaches
  2 goblins (D:1)
  18 kobolds
  A ball python (D:3)
  A ball python skeleton (D:2)
  3 bats (D:2)
  A bat skeleton (D:2)
  A hobgoblin skeleton (D:2)
  A jackal skeleton (D:3)
  2 quokka skeletons
  3 rats
139 creatures vanquished.

Vanquished Creatures (others)
  A jelly (D:2)
  An adder (D:2)
  5 sewer rats (D:2)
  A worm (D:2)
  2 oozes (D:2)
  A cinder newt skeleton (D:2)
  2 giant cockroaches (D:2)
  A kobold (D:2)
  A ball python (D:2)
  A bat (D:2)
  A bat skeleton (D:2)
  A rat (D:2)
  2 rat skeletons (D:2)
  12 withered plants (D:2)
32 creatures vanquished.

Grand Total: 171 creatures vanquished

Notes
Turn   | Place    | Note
-------+----------+-------------------------------------------
     0 | D:1      | Lanoc the Immature Draconian Demigod began the quest for
                  | the Orb.
     0 | D:1      | Reached XP level 1. HP: 20/20 MP: 4/4
    83 | D:2      | Reached skill level 3 in Fighting
    83 | D:2      | Reached XP level 2. HP: 26/28 MP: 1/6
    85 | D:2      | Noticed a big kobold
   171 | D:2      | Reached XP level 3. HP: 22/34 MP: 3/7
   173 | D:2      | Killed a big kobold
   173 | D:2      | Reached skill level 4 in Fighting
   173 | D:2      | Reached XP level 4. HP: 28/44 MP: 2/8
   366 | D:2      | Noticed a big kobold
   406 | D:2      | Killed a big kobold
   406 | D:2      | Reached XP level 5. HP: 51/51 MP: 4/9
   442 | D:2      | Reached skill level 5 in Fighting
   481 | D:2      | Found a glowing golden altar of the Shining One.
   519 | D:2      | Reached XP level 6. HP: 61/61 MP: 9/11
  1157 | D:2      | Reached skill level 6 in Fighting
  1264 | D:2      | Noticed Sigmund
  1283 | D:2      | Killed Sigmund
  1283 | D:2      | Your scales start taking on a lustrous platinum colour.
  1283 | D:2      | Reached XP level 7. HP: 66/70 MP: 4/12
  1283 | D:2      | Gained mutation: Your lustrous platinum scales increase
                  | your movement speed and make you resistant to mutation.
                  | (fast, rMut) [Platinum Draconian growth]
  1283 | D:2      | Gained mutation: You are in touch with the powers of
                  | translocation, transmutation and hexes. [Platinum Draconian
                  | growth]
  1287 | D:2      | Reached skill level 5 in Dodging
  1546 | D:2      | Reached skill level 7 in Fighting
  1560 | D:2      | Found Myanedd's Jewellery Emporium.
  2062 | D:3      | Learned a level 2 spell: Blink
  2412 | D:3      | Reached XP level 8. HP: 79/80 MP: 13/13
  2659 | D:4      | Reached skill level 8 in Fighting
  2757 | D:4      | Found a staircase to the Ecumenical Temple.
  2766 | Temple   | Entered the Ecumenical Temple
  3074 | D:4      | Noticed a queen bee
  3094 | D:4      | Reached skill level 9 in Fighting
  3124 | D:4      | Reached XP level 9. HP: 41/92 MP: 14/14
  3160 | D:3      | HP: 4/92 [killer bee (3)]
  3160 | D:3      | Slain by a killer bee

Levels and vault maps discovered:
D:1:      evilmike_arrival_crescent, layout_basic, chequers_decorated_corner,
          hangedman_decor_points
D:2:      layout_sewer, basic_altar, serial_shops,
          nicolae_shop_temple_entry_statues_fountains, nrook_mini_vaults,
          uniq_sigmund
D:3:      layout_loops_corners, first_ration
D:4:      layout_long_grid, lemuel_temple_firewalk_b, special_room
          [special_room_bee]
Temple:   regret_index_temple_sigil_plot

Skill      XL: |  1  2  3  4  5  6  7  8  9 |
---------------+----------------------------+-----
Fighting       | 3 4 5 6 7 9 |  9.6
Dodging        | 3 4 5 6 7 |  7.0
Long Blades    | |  1.5
Stealth        | |  1.3
Spellcasting   | |  2.6

Action                   |  1- 3 |  4- 6 |  7- 9 || total
-------------------------+-------+-------+-------++-------
Melee: Long sword        |    17 |    65 |   224 ||   306
       Unarmed           |     9 |    52 |   183 ||   244
       Tailslap          |       |    11 |    44 ||    55
 Cast: Flame Tongue      |     4 |    60 |     4 ||    68
 Abil: Breathe Dart      |     1 |     8 |       ||     9
       Breathe Mutagenic |       |       |    22 ||    22
  Use: Potion            |       |       |     3 ||     3
 Stab: Sleeping          |     1 |       |     1 ||     2
       Distracted        |     1 |       |       ||     1
  Eat: Chunk             |       |     4 |    10 ||    14
       Ration            |       |       |     1 ||     1
Armor: Skin              |     7 |    29 |    86 ||   122
Dodge: Dodged            |    26 |   113 |   265 ||   404
       Rpst.: Unarmed    |    11 |    39 |    93 ||   143
       Long sword        |     3 |    34 |    76 ||   113
